 Dungeon Crawl Stone Soup version 0.22-a0-283-g1871b15 (webtiles) character file.

158 vishdafish the Shield-Bearer (level 5, 42/42 HPs)
             Began as a Formicid Fighter on Mar 18, 2018.
             Was a Follower of Yredelemnul.
             Quit the game on level 2 of the Dungeon.
             The game lasted 00:01:40 (1283 turns).

vishdafish the Shield-Bearer (Formicid Fighter)     Turns: 1283, Time: 00:01:41

Health: 42/42      AC:  8    Str: 21    XL:     5   Next: 66%
Magic:  5/5        EV:  8    Int:  8    God:    Yredelemnul [*.....]
Gold:   122        SH:  9    Dex: 10    Spells: 4/4 levels left

rFire    . . .     SeeInvis +   a - +0 war axe
rCold    . . .     Gourm    .   c - +0 shield
rNeg     . . .     Faith    .   b - +0 scale mail
rPois    .         Spirit   .   (helmet unavailable)
rElec    .         Reflect  .   (no cloak)
rCorr    .         Harm     .   m - +0 pair of gloves
MR       .....                  (no boots)
Stlth    ..........             (no amulet)
HPRegen  0.14/turn              (no ring)
MPRegen  0.09/turn              (no ring)

@: no status effects
A: permanent stasis, dig shafts and tunnels, four strong arms, antennae 3
a: Dig, Shaft Self, Animate Remains, Renounce Religion


You were on level 2 of the Dungeon.
You worshipped Yredelemnul.
Yredelemnul was aware of your devotion.
You were not hungry.

You visited 1 branch of the dungeon, and saw 2 of its levels.

You collected 122 gold pieces.

Inventory:

Hand Weapons
 a - a +0 war axe (weapon)
Missiles
 h - a throwing net (quivered)
 i - 35 bolts
Armour
 b - a +0 scale mail (worn)
 c - a +0 shield (worn)
 m - a +0 pair of gloves (worn)
Scrolls
 g - a scroll of magic mapping {unknown}
 j - a scroll of remove curse {unknown}
 l - a scroll of teleportation {unknown}
 n - 2 scrolls of noise {unknown}
 o - a scroll of enchant armour {unknown}
Potions
 d - 2 potions of might
 e - a potion of brilliance {unknown}
 k - 3 potions of cancellation {unknown}
Comestibles
 f - 3 rations


   Skills:
 + Level 3.8 Fighting
 + Level 3.9 Axes
 + Level 3.8 Armour
 + Level 1.1 Dodging
 + Level 4.4 Shields


You had 4 spell levels left.
You didn't know any spells.

Dungeon Overview and Level Annotations

Branches:
Dungeon (2/15)

Altars:
Yredelemnul


Innate Abilities, Weirdness & Mutations

You cannot be hasted, slowed, berserked, paralysed or teleported.
You can dig through walls and to a lower floor.
Your four strong arms can wield two-handed weapons with a shield.
You have a pair of large antennae on your head. (SInv)


Message History

No target in view!
No target in view!
No target in view!
HP restored.
Found a stone staircase leading down.
You now have 104 gold pieces (gained 10).
You now have 122 gold pieces (gained 18).
n - 2 scrolls labeled ILAAMU IGHEFAF (gained 1)
Found a stone staircase leading up.
No target in view!
No target in view!
No target in view!
No target in view!
No target in view!
No target in view!
Saving game... please wait.
Welcome back, vishdafish the Formicid Fighter.
Yredelemnul says: Carry the black torch!
Rouse the idle dead!
Press ? for a list of commands and other information.
Are you sure you want to abandon this character and quit the game? (Confirm with "yes".)

.#.. .#.# #.#.#
######## ####.#.#
#....... #....#.###
#.###... #........ #.#
#...
#...##.#####.###...
####.>................
#....@.....##.#.#.....
#.##..........#.#.####
#..........#.#.#...
#..................
..............##....
####.##...###..##....
...<+...'.#..#..<#.
#.#..#...#.#..#.....
#. ...###.#..'.....


There were no monsters in sight!

Vanquished Creatures
  A centaur (D:2)
  5 adders (D:2)
  2 worms (D:2)
  A dart slug (D:2)
  3 giant cockroaches
  3 goblins
  5 hobgoblins
  6 kobolds
  A quokka (D:2)
  2 bats (D:2)
  A frilled lizard (D:1)
  8 rats
38 creatures vanquished.

Notes
Turn   | Place    | Note
-------+----------+-------------------------------------------
     0 | D:1      | vishdafish the Formicid Fighter began the quest for the Orb.
     0 | D:1      | Reached XP level 1. HP: 18/18 MP: 1/1
    95 | D:1      | Reached XP level 2. HP: 16/24 MP: 2/2
   325 | D:1      | Reached skill level 4 in Shields
   801 | D:2      | Reached XP level 3. HP: 28/29 MP: 3/3
   840 | D:2      | Noticed a centaur
   846 | D:2      | Killed a centaur
   846 | D:2      | Reached XP level 4. HP: 20/37 MP: 4/4
   846 | D:2      | Reached XP level 5. HP: 23/42 MP: 5/5
  1028 | D:2      | Found a faded altar of an unknown god.
  1070 | D:2      | Became a worshipper of Yredelemnul the Dark
  1070 | D:2      | Reached * piety under Yredelemnul
  1246 | D:2      | Reached skill level 1 in Dodging
  1283 | D:2      | Quit the game

Vault maps used:
D:1:      onia_arrival_larder
D:2:      minmay_roachtagon, chequers_ecumenical_altar_lobes,
          hangedman_decor_riveting

Skill      XL: |  1  2  3  4  5 |
---------------+----------------+-----
Shields        | 4 |  4.4
Axes           | 3 |  3.9
Dodging        | 1 |  1.1
Fighting       | |  3.8
Armour         | |  3.8

Action                   |  1- 3 |  4- 6 || total
-------------------------+-------+-------++-------
Melee: War axe           |    53 |    57 ||   110
  Eat: Chunk             |       |     1 ||     1
Armor: Scale mail        |    24 |    32 ||    56
Dodge: Dodged            |    24 |    18 ||    42
Block: Shield            |    27 |    40 ||    67

Table legend:
 A = Spawn XP
 B = Non-spawn XP
 C = Spawn XP percentage of total XP
 D = Spawn monster count
 E = Non-spawn monster count
 F = Spawn count percentage of total count
 G = Total turns spent on level
                    A         B        C        D         E        F      G
               +---------+---------+-------+---------+---------+-------+---------
         Total |       0 |     226 |   0.0 |       0 |      38 |   0.0 |  1283
               +---------+---------+-------+---------+---------+-------+---------
           D:1 |       0 |      28 |   0.0 |       0 |      19 |   0.0 |   794
           D:2 |       0 |     198 |   0.0 |       0 |      19 |   0.0 |   489
               +---------+---------+-------+---------+---------+-------+---------
